 Dungeon Crawl Stone Soup version 0.30-a0-793-g160f7cfddd (webtiles) character file.

Game seed: 5272532616265352285

3698 domi the Cleaver (level 10, -1/90 HPs)
             Began as a Hill Orc Monk on Feb 19, 2023.
             Was a Believer of Beogh.
             Killed from afar by an electric eel (8 damage)
             ... with a bolt of electricity
             ... on level 8 of the Dungeon.
             The game lasted 00:12:05 (8226 turns).

domi the Cleaver (Hill Orc Monk)                    Turns: 8226, Time: 00:12:06

Health: -1/90      AC: 14    Str: 15    XL:     10   Next: 13%
Magic:  14/14      EV:  7    Int: 14    God:    Beogh [**....]
Gold:   402        SH:  0    Dex: 13    Spells: 9/9 levels left

rFire   . . .      SeeInvis +    C - +0 broad axe
rCold   . . .      Faith    .    (no shield)
rNeg    . . .      Spirit   .    t - +1 chain mail {rPois}
rPois   +          Reflect  .    u - +1 hat {SInv}
rElec   .          Harm     .    (no cloak)
rCorr   .          Rampage  .    g - +1 pair of gloves
Will    .....                    (no boots) Stlth
                                 (no amulet)
HPRegen 0.35/turn                (no ring)
MPRegen 0.14/turn                (no ring)

@: no status effects
A: no striking features
a: Renounce Religion, Smiting


You were on level 8 of the Dungeon.
You worshipped Beogh.
Beogh was pleased with you.
You visited 1 branch of the dungeon, and saw 8 of its levels.

You collected 582 gold pieces.
You spent 180 gold pieces at shops.

Inventory:

Hand Weapons
 a - a +1 hand axe
 b - a +0 war axe
   (You took it off an orc on level 4 of the Dungeon)
 C - a +0 broad axe (weapon)
   (You found it on level 7 of the Dungeon)
Armour
 g - a +1 pair of gloves (worn)
   (You found it on level 1 of the Dungeon)
 j - a +0 scale mail
   (You found it on level 1 of the Dungeon)
 t - a +1 chain mail of poison resistance (worn)
   (You found it on level 3 of the Dungeon)
 u - a +1 hat of see invisible (worn)
   (You bought it in a shop on level 4 of the Dungeon)
 A - the +1 robe of the Keeping Gods {Stlth+}
   (You found it on level 6 of the Dungeon)

   Stlth:     It makes you more stealthy.
Magical Staves
 s - a staff of air {rElec}
   (You found it on level 3 of the Dungeon)
Jewellery
 D - a ring of positive energy {rN+}
   (You found it on level 7 of the Dungeon)
Wands
 q - a wand of flame (11)
   (You took it off an orc on level 7 of the Dungeon)
 x - a wand of iceblast (7)
   (You found it on level 6 of the Dungeon)
 y - a wand of quicksilver (14)
   (You found it on level 6 of the Dungeon)
Scrolls
 c - 2 scrolls of fear {unknown}
 e - 3 scrolls of enchant weapon
 f - 3 scrolls of magic mapping {unknown}
 i - 3 scrolls of blinking
 k - a scroll of summoning {unknown}
 l - a scroll of poison {unknown}
 o - a scroll of torment {unknown}
 p - a scroll of identify {@r1}
 r - 2 scrolls of teleportation {unknown}
 v - a scroll of vulnerability {unknown}
 B - a scroll of fog {unknown}
 E - a scroll of brand weapon {unknown}
Potions
 d - 2 potions of cancellation
 h - a potion of haste {unknown}
 m - 2 potions of mutation {!q!q}
 n - 2 potions of flight {unknown}
 w - a potion of heal wounds {@q2}
 z - 2 potions of magic {unknown}


   Skills:
 + Level 8.8 Fighting
 * Level 12.9 Axes
 + Level 7.2 Armour
 - Level 2.4 Dodging
 - Level 1.5 Stealth
 + Level 6.0 Invocations


You had 9 spell levels left.
You didn't know any spells.
Your spell library contained the following spells:

 Spells                   Type           Power      Damage    Failure   Level
 Kiss of Death            Conj/Necr      0%         2d5       99%         1
 Static Discharge         Conj/Air       0%         2-2/arc   100%        2
 Confusing Touch          Hex            0%         N/A       100%        3
 Vhi's Electric Charge    Tloc/Air       0%         N/A       100%        3
 Dispel Undead            Necr           0%         3d6       100%        4
 Arcjolt                  Conj/Air       0%         1d10      100%        5
 Lightning Bolt           Conj/Air       0%         1d11      100%        5


Dungeon Overview and Level Annotations

Branches:
Dungeon (8/15)             Temple (0/1) D:4            Lair (0/5) D:8

Altars:
Gozag
Kikubaaqudgha
Ru
Trog

Shops:
D:4 ?*

Annotations:
D:2 Terence
D:7 2 transporters, Farfigtubin's ghost, novice KoEn


Message History

The basilisk bites you but does no damage.
The kobold hits you but does no damage.
The kobold brigand hits you with a +0 dagger.
The basilisk bites you but does no damage.
The kobold barely misses you.
The kobold brigand hits you with a +0 dagger.
* * * LOW HITPOINT WARNING * * *
The basilisk gazes at you. You resist with some effort.
The kobold hits you but does no damage. x2
The kobold brigand hits you but does no damage.
The basilisk bites you but does no damage.
The kobold hits you but does no damage. x2
The kobold brigand hits you with a +0 dagger.
* * * LOW HITPOINT WARNING * * *
You turn to flesh and can move again.
You slice the basilisk!!
You kill the basilisk!
Beogh accepts your kill.
You barely miss the kobold brigand. You barely miss the kobold.
You slash the kobold!
You kill the kobold!
Beogh accepts your kill. The kobold hits you but does no damage.
The kobold brigand hits you with a +0 dagger.
* * * LOW HITPOINT WARNING * * *
You hit the kobold. You slash the kobold!
You kill the kobold!
Beogh accepts your kill.
You closely miss the kobold brigand. The kobold hits you but does no damage.
The kobold brigand hits you but does no damage.
You closely miss the kobold. You hit the kobold brigand.
You closely miss the kobold. You slash the kobold brigand!
The kobold barely misses you. The kobold brigand barely misses you.
You hit the kobold.
You kill the kobold!
Beogh accepts your kill.
You hit the kobold brigand.
The kobold brigand hits you but does no damage.
The kobold brigand hits you with a +0 dagger.
* * * LOW HITPOINT WARNING * * *
Items here: ))) †††.
You slice the kobold brigand!!
You kill the kobold brigand!
Beogh accepts your kill.
Your Invocations skill increases to level 6!
You start resting.
Okay, then.
Things that are here:
a +0 dagger; 7 poisoned darts; a +0 whip
Found a stone staircase leading down.
You now have 402 gold pieces (gained 15).
e - 3 scrolls of enchant weapon (gained 1)
Found a stone staircase leading down.
An electric eel comes into view.
The electric eel shoots out a bolt of lightning at you!
The bolt of electricity hits you!
An electric eel is nearby!
An electric eel is nearby!
An electric eel is nearby!
w - a potion of heal wounds {@q2}
There are no items here.
You start resting.
An electric eel is nearby!
An electric eel comes into view.
The electric eel shoots out a bolt of lightning at you!
The bolt of electricity hits you. The bolt of electricity hits you!
The bolt of electricity hits the electric eel.
The electric eel completely resists.
You slash the electric eel! You closely miss the electric eel.
The electric eel shoots out a bolt of lightning at you!
The bolt of electricity hits the electric eel.
The electric eel completely resists.
The bolt of electricity hits you but does no damage.
The bolt of electricity hits you!
The bolt of electricity hits the electric eel.
The electric eel completely resists.
You barely miss the electric eel.
The electric eel shoots out a bolt of lightning at you!
The bolt of electricity hits you! The bolt of electricity hits you.
The bolt of electricity hits the electric eel.
The electric eel completely resists.
The bolt of electricity hits the electric eel.
The electric eel completely resists.
You slash the electric eel!
You kill the electric eel!
Beogh accepts your kill.
You hear a splash.
You miss the electric eel.
The electric eel shoots out a bolt of lightning at you!
The bolt of electricity hits you! x2
* * * LOW HITPOINT WARNING * * *
The bolt of electricity hits the electric eel.
The electric eel completely resists.
You hit the electric eel.
The electric eel shoots out a bolt of lightning at you!
The bolt of electricity hits you!
* * * LOW HITPOINT WARNING * * *
The bolt of electricity hits you!
You die...

#≈≈##~...#
≈≈≈#≈≈#...#
≈≈≈≈≈##..#
S#≈≈≈#≈≈..#
≈≈≈≈≈≈≈#.##
#≈≈#≈##.#
≈≈≈≈≈#..# .
#≈≈#S#..#
....#~##@...#
............#
###..#..#.###
# ##...#
#..## ..##
..## .## .#


You could see an electric eel.

Vanquished Creatures
  3 wyverns
  Eustachio (D:4)
  A basilisk (D:8)
  8 yaks
  A steam dragon (D:6)
  3 water moccasins (D:7)
  An orc warrior (D:6)
  An ogre (D:5)
  2 centaurs
  A phantom (D:5)
  A kobold brigand (D:8)
  3 bullfrogs (D:7)
  A scorpion (D:6)
  An electric eel (D:8)
  4 jellies
  2 hounds
  An orc priest (D:7)
  5 iguanas
  Natasha (D:2)
  2 orc wizards (D:7)
  5 adders
  A shadow imp (D:7)
  2 white imps (D:6)
  A dart slug (D:3)
  19 orcs
  9 endoplasms
  3 giant cockroaches
  12 goblins
  6 hobgoblins
  4 jackals (D:4)
  3 quokkas
  12 ball pythons
  9 bats
  2 frilled lizards (D:2)
  15 kobolds
  2 rats (D:3)
148 creatures vanquished.

Vanquished Creatures (others)
  A centaur (D:6)
  An orc priest (D:6)
  An orc wizard (D:6)
  2 fungi (D:8)
  8 plants (D:8)
13 creatures vanquished.

Grand Total: 161 creatures vanquished

Notes
Turn   | Place    | Note
-------+----------+-------------------------------------------
     0 | D:1      | domi the Hill Orc Monk began the quest for the Orb.
     0 | D:1      | Reached XP level 1. HP: 19/19 MP: 1/1
   271 | D:1      | Reached XP level 2. HP: 27/27 MP: 2/2
   378 | D:1      | Reached skill level 1 in Armour
   550 | D:1      | Reached skill level 4 in Fighting
   550 | D:1      | Reached XP level 3. HP: 33/33 MP: 3/3
   852 | D:2      | Reached skill level 5 in Axes
  1079 | D:2      | Noticed Terence
  1390 | D:2      | Noticed Natasha
  1394 | D:2      | Reached XP level 4. HP: 40/40 MP: 4/4
  1401 | D:2      | Killed Natasha
  1424 | D:2      | Found an opulent altar of Gozag.
  1636 | D:3      | Reached skill level 2 in Armour
  1857 | D:3      | Found a sacrificial altar of Ru.
  2128 | D:3      | Found an ancient bone altar of Kikubaaqudgha.
  2286 | D:4      | Reached XP level 5. HP: 28/47 MP: 5/5
  2385 | D:4      | Found Fiujil's Magic Scroll Boutique.
  2416 | D:4      | Reached skill level 6 in Axes
  2595 | D:4      | Noticed Eustachio
  2663 | D:4      | Killed Eustachio
  2664 | D:4      | Reached skill level 5 in Fighting
  2664 | D:4      | Reached skill level 7 in Axes
  2664 | D:4      | Reached skill level 3 in Armour
  2664 | D:4      | Reached XP level 6. HP: 34/56 MP: 6/6
  2893 | D:4      | Found Jahur's General Store.
  2911 | D:4      | Bought a scroll of identify for 20 gold pieces
  2911 | D:4      | Bought a +1 hat of see invisible for 160 gold pieces
  3053 | D:4      | Found a staircase to the Ecumenical Temple.
  3377 | D:5      | Entered Level 5 of the Dungeon
  3524 | D:5      | Reached XP level 7. HP: 44/61 MP: 7/7
  3628 | D:5      | Reached skill level 8 in Axes
  3995 | D:5      | Reached skill level 4 in Armour
  4177 | D:6      | Reached skill level 6 in Fighting
  4490 | D:6      | Became a worshipper of Beogh the Brigand
  4490 | D:6      | Reached * piety under Beogh
  4490 | D:6      | Reached ** piety under Beogh
  4493 | D:6      | Reached skill level 9 in Axes
  4660 | D:6      | Reached XP level 8. HP: 70/70 MP: 8/8
  4852 | D:6      | HP: 10/71 [steam dragon/ball of steam (9)]
  4861 | D:6      | HP: 17/71 [steam dragon/ball of steam (5)]
  4862 | D:6      | HP: 6/71 [something (11)]
  5111 | D:6      | Identified the +1 robe of the Keeping Gods {Stlth+}
  5513 | D:7      | Noticed a yak
  5513 | D:7      | Noticed a yak
  5544 | D:7      | Noticed a wyvern
  5556 | D:6      | HP: 15/71 [wyvern (9)]
  5561 | D:6      | Killed a wyvern
  5562 | D:6      | Reached skill level 5 in Armour
  5562 | D:6      | Reached skill level 1 in Invocations
  5719 | D:7      | Reached skill level 10 in Axes
  5771 | D:7      | Reached skill level 7 in Fighting
  5771 | D:7      | Reached skill level 2 in Invocations
  5776 | D:7      | HP: 18/73 [orc wizard/+0 dagger (1)]
  6178 | D:7      | Noticed a yak
  6231 | D:6      | Killed a yak
  6232 | D:6      | Reached skill level 3 in Invocations
  6232 | D:6      | Reached XP level 9. HP: 40/79 MP: 11/11
  6632 | D:7      | Reached skill level 11 in Axes
  6632 | D:7      | Reached skill level 6 in Armour
  6754 | D:7      | Found a transporter.
  6758 | D:7      | Found a transporter.
  6762 | D:7      | Found a bloodstained altar of Trog.
  6762 | D:7      | Noticed a moth of wrath
  6775 | D:7      | Noticed Farfigtubin's ghost (novice KoEn)
  6841 | D:8      | Found a staircase to the Lair.
  6857 | D:7      | Reached skill level 4 in Invocations
  6858 | D:7      | Reached skill level 8 in Fighting
  7044 | D:7      | Reached skill level 12 in Axes
  7049 | D:7      | HP: 18/81 [water moccasin (4)]
  7404 | D:7      | Reached skill level 5 in Invocations
  7747 | D:7      | Found a transporter.
  7751 | D:7      | Found a transporter.
  7752 | D:7      | Found a bloodstained altar of Trog.
  7899 | D:8      | Reached skill level 7 in Armour
  7899 | D:8      | Reached XP level 10. HP: 71/90 MP: 14/14
  7931 | D:8      | HP: 22/90 [kobold brigand/+0 dagger (2)]
  7937 | D:8      | HP: 18/90 [kobold brigand/+0 dagger (3)]
  7939 | D:8      | Reached skill level 6 in Invocations
  8225 | D:8      | HP: 19/90 [electric eel/bolt of electricity (9)]
  8226 | D:8      | HP: 7/90 [electric eel/bolt of electricity (12)]
  8226 | D:8      | Killed from afar by an electric eel

Illustrated notes

Levels and vault maps discovered:
D:1:      dpeg_arrival_yet_another_circle, layout_basic
D:2:      layout_loops_ring, basic_altar, minmay_pentomino_q2, uniq_terence,
          uniq_natasha
D:3:      layout_rooms, lemuel_crystal_altar, nicolae_overflow_crystal_walls
D:4:      layout_basic, temple_green, nicolae_stop_n_shop_2,
          minmay_shop_grid_forest, kennysheep_generic_room_10, uniq_eustachio
D:5:      cheibrodos_quashed, layout_loops_ring
D:6:      layout_basic
D:7:      layout_cave_pools, gammafunk_ghost_wrathful_warriors,
          serial_park_tiny_2
D:8:      layout_layer_cave, minmay_lair_entry_grove, minivault_4,
          kennysheep_generic_room_11

Skill      XL: |  1  2  3  4  5  6  7  8  9 10 |
---------------+-------------------------------+-----
Armour         | 1 2 3 4 5 7 |  7.2
Fighting       | 4 5 6 7 8 |  8.8
Axes           | 5 7 9 10 12 | 12.9
Invocations    | 3 5 6 |  6.0
Dodging        | |  2.4
Stealth        | |  1.5

Action                     |  1- 3 |  4- 6 |  7- 9 | 10-12 || total
---------------------------+-------+-------+-------+-------++-------
  Melee: Hand axe          |   123 |   169 |       |       ||   292
         Punch             |     3 |     2 |     2 |     1 ||     8
         War axe           |       |    40 |   168 |       ||   208
         Broad axe         |       |       |    76 |    27 ||   103
 Invoke: Convert to Beogh  |       |       |     1 |       ||     1
         Smiting           |       |       |     1 |       ||     1
  Evoke: Wand              |       |       |     2 |       ||     2
    Use: Scroll            |     1 |     3 |     2 |       ||     6
         Potion            |     1 |     2 |     6 |       ||     9
   Stab: Sleeping          |     1 |       |       |       ||     1
 Armour: Ring mail         |     6 |       |       |       ||     6
         Scale mail        |    53 |    30 |       |       ||    83
         Chain mail        |       |    82 |   215 |    30 ||   327
         Skin              |       |    41 |       |       ||    41
  Dodge: Dodged            |    76 |    75 |   124 |     6 ||   281

Table legend: (Time is in decaauts)
 A = Elapsed time spent in this place.
 B = Non-inter-level travel time spent in this place.
 C = Inter-level travel time spent in this place.
 D = Time resting spent in this place.
 E = Time spent auto-exploring this place.
 F = Levels seen in this place.
 G = Mean time per level.
                   A        B        C        D        E       F      G
               +--------+--------+--------+--------+--------+-----+--------+
         Total |   8254 |   7957 |    297 |   1613 |   5010 |   8 | 1031.8 |
       Dungeon |   8254 |   7957 |    297 |   1613 |   5010 |   8 | 1031.8 |
               +--------+--------+--------+--------+--------+-----+--------+

Top non-repeatable levels by time:
     D:6: 1893 daAuts
     D:7: 1818 daAuts
     D:4: 1105 daAuts
     D:1: 876 daAuts
     D:5: 789 daAuts
     D:2: 721 daAuts
     D:3: 688 daAuts
     D:8: 361 daAuts

Table legend:
 A = Kills in this place as a percentage of kills in entire the game.
 B = Kills by you in this place as a percentage of kills by you in the entire game.
 C = Kills by friends in this place as a percentage of kills by friends in the entire game.
 D = Other kills in this place as a percentage of other kills in the entire game.
 E = Experience gained in this place as a percentage of experience gained in the entire game.
 F = Experience gained in this place divided by the number of levels of this place that you have seen.
                   A       B       C       D       E      F
               +-------+-------+-------+-------+-------+----------------------
         Total | 100.0 | 100.0 |   N/A |   N/A | 100.0 | 660.5
       Dungeon | 100.0 | 100.0 |   N/A |   N/A | 100.0 | 660.5
               +-------+-------+-------+-------+-------+----------------------
